 Dungeon Crawl Stone Soup version 0.28.0-53-g5a82cb258f (webtiles) character file.

Game seed: 17509295351527984632

53 DildoBatman the Conjurer (level 4, -4/31 HPs)
             Began as a Formicid Conjurer on July 2, 2022.
             Slain by Terence
             ... wielding a +0 mace
              (7 damage)
             ... on level 2 of the Dungeon.
             The game lasted 00:03:09 (1238 turns).

DildoBatman the Conjurer (Formicid Conjurer)        Turns: 1238, Time: 00:03:10

Health: -4/31      AC:  2    Str: 12    XL:     4   Next: 10%
Magic:  5/7        EV: 12    Int: 17    God:
Gold:   66         SH:  0    Dex: 11    Spells: 4/7 levels left

rFire   . . .      SeeInvis +   b - +0 mace
rCold   . . .      Faith    .   (no shield)
rNeg    . . .      Spirit   .   a - +0 robe
rPois   .          Reflect  .   (helmet unavailable)
rElec   .          Harm     .   (no cloak)
rCorr   .          Rampage  .   (no gloves)
Will    .....                   (no boots)
Stlth   ++........              (no amulet)
HPRegen 0.10/turn               (no ring)
MPRegen 0.10/turn               (no ring)

@: no status effects
A: permanent stasis, dig shafts and tunnels, antennae 3, four strong arms
a: Dig, Shaft Self


You were on level 2 of the Dungeon.
You visited 1 branch of the dungeon, and saw 2 of its levels.

You collected 66 gold pieces.

Inventory:

Hand Weapons
 b - a +0 mace (weapon)
Missiles
 c - 6 stones
 f - 30 arrows
 g - 2 poisoned darts
Armour
 a - a +0 robe (worn)
Scrolls
 d - a scroll of fear {unknown}
 e - a scroll of enchant armour {unknown}
Potions
 h - a potion of lignification {unknown}


   Skills:
 * Level 0.5 Fighting
 * Level 0.3 Armour
 - Level 1.7 Dodging
 - Level 2.4 Stealth
 * Level 2.2 Spellcasting
 * Level 4.7 Conjurations


You had 4 spell levels left.
You knew the following spells:

 Your Spells              Type           Power      Damage    Failure   Level
a - Searing Ray           Conj           36%        2d5       4%          2
c - Magic Dart            Conj           72%        1d6       2%          1

Your spell library contained the following spells:

 Spells                   Type           Power      Damage    Failure   Level
 Dazzling Flash           Conj/Hex       20%        N/A       22%         3
 Fulminant Prism          Conj/Hex       5%         3d7       56%         4
 Iskenderun's Mystic Bla  Conj/Tloc      10%        2d4       56%         4


Dungeon Overview and Level Annotations

Branches:
Dungeon (2/15)

Altars:

Annotations:
D:2 Terence


Innate Abilities, Weirdness & Mutations

You cannot be hasted, slowed, berserked, paralysed or teleported.
You can dig through walls and to a lower floor.
You have a pair of large antennae on your head. (SInv)
Your four strong arms can wield two-handed weapons with a shield.


Message History

t - Shout!
Orders for allies: a - Attack new target. r - Retreat! s - Stop attacking. g - Guard the area. f - Follow me.
Anything else - Cancel.
You shout for attention!
Terence hits you with a +0 mace. What are your orders? t - Shout!
Orders for allies: a - Attack new target. r - Retreat! s - Stop attacking. g - Guard the area. f - Follow me.
Anything else - Cancel.
You shout for attention!
Terence hits you with a +0 mace. What are your orders? t - Shout!
Orders for allies: a - Attack new target. r - Retreat! s - Stop attacking. g - Guard the area. f - Follow me.
Anything else - Cancel.
You shout for attention!
Terence hits you with a +0 mace. What are your orders? t - Shout!
Orders for allies: a - Attack new target. r - Retreat! s - Stop attacking. g - Guard the area. f - Follow me.
Anything else - Cancel.
You shout for attention!
Terence closely misses you. What are your orders? t - Shout!
Orders for allies: a - Attack new target. r - Retreat! s - Stop attacking. g - Guard the area. f - Follow me.
Anything else - Cancel.
You shout for attention!
Terence hits you with a +0 mace!
You die...

.# ..# .###..##
.#.....# ........
#### .#.....# ..#
.....@.b...####.##
.# .........# .#
#@.# .# #.@# .#.#
####..# .#.#
#.....# .#.#
#.###.# .#.#
#######.###.#
.#.##............#
##.##.######.#####
##.##.# #.#
##.##.# #.#


You could see Terence.

Vanquished Creatures
  An adder (D:2)
  A worm (D:2)
  A dart slug (D:1)
  3 ball pythons (D:1)
  An endoplasm (D:2)
  3 goblins (D:1)
  6 hobgoblins
  2 jackals (D:1)
  A quokka (D:1)
  6 bats
  4 frilled lizards
  3 kobolds (D:1)
  7 rats
39 creatures vanquished.

Notes
Turn   | Place    | Note
-------+----------+-------------------------------------------
     0 | D:1      | DildoBatman the Formicid Conjurer began the quest for the
                  | Orb.
     0 | D:1      | Reached XP level 1. HP: 13/13 MP: 3/3
   218 | D:1      | Reached skill level 4 in Conjurations
   218 | D:1      | Reached XP level 2. HP: 19/19 MP: 3/5
   229 | D:1      | Learned a level 2 spell: Searing Ray
   265 | D:1      | Found a faded altar of an unknown god.
   588 | D:1      | Reached XP level 3. HP: 18/24 MP: 6/6
  1142 | D:2      | Noticed Terence
  1218 | D:2      | Reached XP level 4. HP: 31/31 MP: 3/7
  1238 | D:2      | Slain by Terence

Illustrated notes

Levels and vault maps discovered:
D:1:      co_arrival_square_in_a_square_in_a_square, layout_basic,
          chequers_ecumenical_altar_simple_redux, minivault_14
D:2:      layout_loops_ring, eino_tiny_chamber, minmay_divided_ellipse,
          uniq_terence

Skill      XL: |  1 |
---------------+----+-----
Conjurations   | 4 |  4.7
Fighting       | |  0.5
Armour         | |  0.3
Dodging        | |  1.7
Stealth        | |  2.4
Spellcasting   | |  2.2

Action                   |  1- 3 |  4- 6 || total
-------------------------+-------+-------++-------
Melee: Mace              |    18 |       ||    18
 Cast: Magic Dart        |    42 |       ||    42
       Searing Ray       |     7 |       ||     7
 Stab: Sleeping          |     1 |       ||     1
Armor: Robe              |     3 |       ||     3
Dodge: Dodged            |    15 |     6 ||    21
